 Dungeon Crawl Stone Soup version 0.27-a0-1200-g94dc6ad4cf (webtiles) character file.

Game seed: 1614372804650463295

49 polve the Cutter (level 3, 0/29 HPs)
             Began as a Demonspawn Abyssal Knight on June 1, 2021.
             Was a Follower of Lugonu.
             Slain by a frilled lizard (3 damage)
             ... on level 2 of the Dungeon.
             The game lasted 00:01:02 (2119 turns).

polve the Cutter (Demonspawn Abyssal Knight)        Turns: 2119, Time: 00:01:03

Health: 0/29       AC:  4    Str: 13    XL:     3   Next: 53%
Magic:  4/4        EV: 11    Int: 13    God:    Lugonu [*.....]
Gold:   78         SH:  0    Dex: 12    Spells: 2/2 levels left

rFire    . . .     SeeInvis .   d - +1 dagger (flame)
rCold    . . .     Faith    .   (no shield)
rNeg     . . .     Spirit   .   b - +0 leather armour
rPois    .         Reflect  .   (no helmet)
rElec    .         Harm     .   (no cloak)
rCorr    .         Rampage  .   (no gloves)
Will     .....                  (no boots)
Stlth    +.........             (no amulet)
HPRegen  0.09/turn              (no ring)
MPRegen  0.09/turn              (no ring)

@: no status effects
A: talons 1, rugged brown scales 1
a: Renounce Religion, Depart the Abyss


You were on level 2 of the Dungeon.
You worshipped Lugonu.
Lugonu was aware of your devotion.
You visited 1 branch of the dungeon, and saw 2 of its levels.
You visited the Abyss 1 time.

You collected 78 gold pieces.

Inventory:

Hand Weapons
 a - a +1 short sword
 d - a +1 dagger of flaming (weapon)
Armour
 b - a +0 leather armour (worn)
Potions
 c - a potion of lignification {unknown}
 e - a potion of heal wounds {unknown}


   Skills:
 - Level 3.0 Fighting
 + Level 3.6 Short Blades
 - Level 1.7 Armour
 - Level 0.8 Dodging
 - Level 2.4 Invocations


You had 2 spell levels left.
You didn't know any spells.
Your spell library contained the following spells:

 Spells                   Type           Power      Damage    Failure   Level
 Summon Small Mammal      Summ           0%         N/A       36%         1
 Call Imp                 Summ           0%         N/A       52%         2
 Call Canine Familiar     Summ           0%         N/A       75%         3
 Summon Guardian Golem    Hex/Summ       0%         N/A       75%         3
 Summon Ice Beast         Ice/Summ       0%         N/A       98%         4
 Summon Lightning Spire   Summ/Air       0%         N/A       98%         4


Dungeon Overview and Level Annotations

Branches:
Dungeon (2/15)

Altars:
Dithmenos


Innate Abilities, Weirdness & Mutations

You have sharp toenails.
You are partially covered in rugged brown scales. (AC +1, +3% HP)


Message History

The hobgoblin hits you but does no damage.
The goblin shoots a stone.
The stone hits you.
You swing at nothing.
The hobgoblin misses you.
The goblin shoots a stone.
The stone closely misses you.
The stone barely misses the hobgoblin.
You swing at nothing.
A frilled lizard comes into view.
The hobgoblin hits you.
You swing at nothing.
The goblin shoots a stone.
The stone misses you.
The stone closely misses the hobgoblin.
The hobgoblin hits you.
You swing at nothing.
The goblin shoots a stone.
The stone misses you.
The stone hits the hobgoblin.
The hobgoblin hits you but does no damage.
You swing at nothing.
You hit the goblin. You burn the goblin. Your kick misses the goblin.
The goblin is heavily wounded.
The hobgoblin barely misses you.
The goblin unwields a +0 hunting sling.
The goblin wields a +1 long sword of protection.
The goblin hits you with a +1 long sword of protection.
* * * LOW HITPOINT WARNING * * *
You hit the hobgoblin. You burn the hobgoblin.
The hobgoblin is severely wounded.
The hobgoblin hits you.
* * * LOW HITPOINT WARNING * * *
You closely miss the hobgoblin.
The hobgoblin is heavily wounded.
The frilled lizard barely misses you. The goblin hits you but does no damage.
The hobgoblin hits you but does no damage.
You hit the hobgoblin. You burn the hobgoblin.
You kill the hobgoblin!
Lugonu accepts your kill. The frilled lizard closely misses you.
The goblin misses you.
You miss the goblin. Your kick misses the goblin.
The goblin is heavily wounded.
The frilled lizard bites you but does no damage.
The goblin hits you with a +1 long sword of protection.
* * * LOW HITPOINT WARNING * * *
You barely miss the goblin.
The goblin is heavily wounded.
The frilled lizard bites you.
You die...

......#####..#.##.....
............#.......####
........#......###......
....#...........###.....
#...#...#...#....†......
....#.#.#.#.#....)......
###.....#.#.....?......#
# ..#....#.##.#g###....
###......#..#..#@# #..
.... .. ... #.##†l......
###. .. .. #.#...... #
##. #...#.)_. ... # ...
.... .. . .!.. . #.
...... #


You could see a goblin and a frilled lizard.

Vanquished Creatures
  An adder (D:2)
  A dart slug (D:1)
  2 ball pythons
  5 endoplasms
  3 giant cockroaches (D:1)
  2 goblins
  5 hobgoblins
  4 jackals (D:1)
  A quokka (D:1)
  2 bats (D:1)
  2 frilled lizards
  4 kobolds
  3 rats
35 creatures vanquished.

Notes
Turn   | Place    | Note
-------+----------+-------------------------------------------
     0 | Abyss:1  | polve the Demonspawn Abyssal Knight began the quest for the
                  | Orb.
     0 | Abyss:1  | Reached XP level 1. HP: 18/18 MP: 2/2
    76 | Abyss:1  | Noticed a chaos spawn
    80 | D:1      | Escaped the Abyss
   976 | D:1      | Gained mutation: You have sharp toenails. [demonic
                  | ancestry]
   976 | D:1      | Reached XP level 2. HP: 22/24 MP: 3/3
  1058 | D:1      | Reached * piety under Lugonu
  1495 | D:1      | Gained mutation: You are partially covered in rugged brown
                  | scales. (AC +1, +3% HP) [demonic ancestry]
  1495 | D:1      | Reached XP level 3. HP: 15/29 MP: 4/4
  2099 | D:2      | Found a shadowy altar of Dithmenos.
  2119 | D:2      | Slain by a frilled lizard

Illustrated notes

Levels and vault maps discovered:
D:1:      lightli_arrival_chessboard, layout_basic
D:2:      layout_rooms, basic_altar

Skill      XL: |  1  2 |
---------------+-------+-----
Short Blades   | 2 3 |  3.6
Fighting       | |  3.0
Armour         | |  1.7
Dodging        | |  0.8
Invocations    | |  2.4

Action                   || total
-------------------------++-------
Melee: Short sword       ||    66
       Dagger            ||    60
       Kick              ||    11
Invok: Depart the Abyss  ||     1
 Stab: Sleeping          ||     2
Armor: Leather armour    ||    31
Dodge: Dodged            ||    77

Table legend: (Time is in decaauts)
 A = Elapsed time spent in this place.
 B = Non-inter-level travel time spent in this place.
 C = Inter-level travel time spent in this place.
 D = Time resting spent in this place.
 E = Time spent auto-exploring this place.
 F = Levels seen in this place.
 G = Mean time per level.
                   A        B        C        D        E       F      G
               +--------+--------+--------+--------+--------+-----+--------+
         Total |   2105 |   2095 |     10 |      0 |   1885 |   3 |  701.7 |
       Dungeon |   2025 |   2015 |     10 |      0 |   1809 |   2 | 1012.5 |
         Abyss |     80 |     80 |      0 |      0 |     76 |   1 |   80.0 |
               +--------+--------+--------+--------+--------+-----+--------+

Top non-repeatable levels by time:
     D:1: 1787 daAuts
     D:2: 238 daAuts
 Abyss:1: 80 daAuts
